cohdb
Replays
Latest Replays
All Replays
Popular Replays
Top Player Replays
Match Explorer
How It Works
Community
CoH3 Stats
Reddit
Sign in to upload your games and track your stats! →
Sign in with Steam
Match 45660730
Unlisted
Match 45660730
Overview
Messages
Build Orders
End
Selects Italian Combined Arms Battlegroup
Selects Bersaglieri Squad
Bersaglieri Squad
Panzerpioneer Squad
Bersaglieri Squad
250 Light Carrier
Construct Light Support Kompanie
Combat Half-tracks
Selects Bersaglieri Bolster
Construct Mechanized Kompanie
Panzerjäger Mechanized Group
Vehicle Survival Package
Construct Panzerarmee Kommand
Veteran Squad Leaders
Selects Semovente da 75/18 Assault Gun
Selects Strafing Run
Panzer III L Medium Tank
Emergency Repair Kits
Strafing Run
Panzer III L Medium Tank
Selects Pact of Steel
Selects Artillery Cover
Advanced Field Repairs
Walking Stuka Rocket Launcher
Artillery Cover
Armored Reserves
Rapid Advance
Selects Vehicle Support - Force Recon
Advanced Optics
Flak 36 Anti-tank Gun Team
Strafing Run
Tungsten Core Ammunition
Strafing Run
Artillery Cover
JEFG
Seocheon
Bego
Eilte
0
0
Comments
sign in to comment!
No comments posted yet!